Map: Fields of Death

Players

Bito - Winner!

  • Race: Protoss Protoss
  • League: Diamond

ETjunior - Winner!

  • Race: Protoss Protoss

KombatWombat

  • Race: Terran Terran
  • League: Diamond

Tenonee

  • Race: Zerg Zerg

VOD

Have the link to the VOD?

Description

Time

  • Played on: July 18, 2016, 7:17 a.m.
  • Length: 11:53
Show
View Real Time Build Order
Export as new Build Order

Bito Protoss - Winner!

Build Orders: 1 Gate Expand 

Get SALT Encoding   

  12  0:01  Probe (Chrono Boost)  
  13  0:12  Probe (Chrono Boost)  
  14  0:18  Pylon  
  14  0:25  Probe (Chrono Boost)  
  15  0:36  Probe (Chrono Boost)  
  15  0:38  Gateway  
  16  0:43  Assimilator  
  16  0:47  Probe (Chrono Boost)  
  17  1:00  Probe (Chrono Boost)  
  18  1:11  Probe (Chrono Boost)  
  19  1:23  Nexus  
  19  1:29  Probe (Chrono Boost)  
  20  1:38  Cybernetics Core  
  20  1:41  Probe (Chrono Boost)  
  21  1:49  Assimilator  
  21  1:54  Probe (Chrono Boost)  
  22  2:03  Pylon  
  22  2:05  Probe (Chrono Boost)  
  23  2:20  Warp Gate  
  23  2:21  Mothership Core (Chrono Boost), Stalker  
  27  2:31  Pylon  
  27  2:40  Probe (Chrono Boost)  
  28  2:46  Probe (Chrono Boost)  
  28  2:50  Probe (Chrono Boost)  
  30  2:58  Stalker  
  33  3:05  Probe (Chrono Boost)  
  33  3:24  Stalker  
  33  3:26  Probe (Chrono Boost)  
  35  3:27  Probe (Chrono Boost)  
  35  3:34  Robotics Facility  
  37  3:36  Probe (Chrono Boost), Gateway  
  37  3:37  Gateway  
  37  3:39  Probe (Chrono Boost)  
  39  3:52  Probe (Chrono Boost), Adept  
  41  3:55  Probe (Chrono Boost)  
  44  4:03  Twilight Council  
  44  4:04  Probe (Chrono Boost)  
  44  4:06  Probe (Chrono Boost)  
  45  4:15  Pylon  
  45  4:16  Probe (Chrono Boost)  
  46  4:20  Probe (Chrono Boost)  
  46  4:21  Observer  
  48  4:28  Probe (Chrono Boost)  
  50  4:31  Probe (Chrono Boost)  
  50  4:34  Resonating Glaives  
  50  4:40  Probe (Chrono Boost)  
  52  4:45  Probe (Chrono Boost), Warp Prism  
  52  4:51  Pylon  
  55  4:53  Probe (Chrono Boost)  
  55  4:56  Probe (Chrono Boost)  
  55  4:57  Gateway  
  56  5:05  Probe (Chrono Boost)  
  57  5:11  Probe (Chrono Boost)  
  57  5:13  Assimilator, Nexus  
  58  5:17  Assimilator  
  58  5:26  Probe (Chrono Boost)  
  59  5:29  Pylon  
  59  5:36  Immortal  
  63  5:43  Robotics Bay  
  63  5:45  Gateway  
  63  5:48  Gateway  
  63  5:49  Probe (Chrono Boost)  
  65  5:50  Probe (Chrono Boost), Forge  
  65  6:00  Probe (Chrono Boost)  
  65  6:03  Probe (Chrono Boost)  
  67  6:05  Adept x2  
  67  6:06  Adept x2  
  75  6:26  Probe x2 (Chrono Boost)  
  75  6:27  Probe (Chrono Boost)  
  78  6:36  Protoss Ground Weapons Level 1  
  78  6:37  Disruptor  
  78  6:39  Probe (Chrono Boost)  
  80  6:41  Probe (Chrono Boost)  
  83  6:50  Probe x2 (Chrono Boost)  
  83  6:53  Probe (Chrono Boost), Assimilator  
  86  6:55  Pylon  
  86  6:56  Pylon  
  86  6:59  Assimilator  
  86  7:00  Twilight Council  
  86  7:02  Probe x2 (Chrono Boost), Pylon  
  86  7:06  Adept  
  86  7:07  Adept  
  92  7:12  Pylon  
  92  7:14  Blink  
  92  7:17  Pylon  
  92  7:19  Pylon  
  92  7:25  Stalker x4, Disruptor  
  103  7:33  Probe (Chrono Boost)  
  104  7:38  Robotics Facility  
  101  8:02  Disruptor  
  101  8:03  Probe (Chrono Boost)  
  101  8:04  Probe (Chrono Boost)  
  101  8:05  Stalker x4  
  110  8:06  Stalker  
  116  8:19  Forge  
  116  8:22  Pylon  
  116  8:25  Probe (Chrono Boost)  
  116  8:26  Probe x2 (Chrono Boost), Pylon  
  119  8:31  Pylon  
  119  8:38  Observer  
  119  8:39  Protoss Ground Armor Level 1  
  122  8:42  Probe (Chrono Boost)  
  122  8:43  Probe (Chrono Boost)  
  122  8:45  Gateway  
  122  8:48  Gateway, Templar Archives  
  122  8:55  Protoss Shields Level 1  
  120  9:11  Stalker x2  
  120  9:12  Stalker x4  
  116  9:36  Stalker  
  116  9:37  Stalker x2  
  116  9:38  Stalker x3  
  109  9:54  Gateway  
  109  9:56  Gateway  
  109  9:57  Gateway  
  109  9:58  Gateway  
  109  10:01  Probe (Chrono Boost)  
  109  10:02  Probe x2 (Chrono Boost), Disruptor x2  
  118  10:17  Photon Cannon  
  118  10:20  Photon Cannon  
  118  10:22  Photon Cannon  
  118  10:24  Psionic Storm  
  118  10:26  High Templar x3, Pylon  
  118  10:27  Photon Cannon, High Templar  
  126  10:30  Archon  
  126  10:31  Archon  
  126  10:47  Disruptor x2  
  132  10:56  Adept x2  
  136  10:57  Zealot x2  
  140  11:41  Adept  
  140  11:42  Adept x3  
  140  11:43  Zealot x4  
Show
View Real Time Build Order
Export as new Build Order

ETjunior Protoss - Winner!

Build Orders: Nexus First 

Get SALT Encoding   

  12  0:01  Probe (Chrono Boost)  
  13  0:11  Probe (Chrono Boost)  
  14  0:18  Pylon  
  14  0:22  Probe (Chrono Boost)  
  15  0:36  Probe (Chrono Boost)  
  16  0:46  Probe (Chrono Boost)  
  17  1:00  Nexus  
  17  1:07  Probe (Chrono Boost)  
  18  1:15  Gateway  
  18  1:19  Probe (Chrono Boost)  
  19  1:25  Assimilator  
  19  1:29  Assimilator  
  19  1:35  Pylon  
  19  1:41  Probe (Chrono Boost)  
  20  1:52  Probe (Chrono Boost)  
  21  2:01  Pylon  
  21  2:04  Cybernetics Core  
  21  2:08  Probe (Chrono Boost)  
  22  2:14  Probe (Chrono Boost)  
  23  2:18  Probe (Chrono Boost)  
  24  2:33  Assimilator  
  24  2:43  Stargate  
  24  2:48  Stargate  
  24  2:50  Probe x2 (Chrono Boost)  
  26  3:00  Probe x2 (Chrono Boost), Assimilator  
  28  3:11  Probe (Chrono Boost), Mothership Core (Chrono Boost)  
  30  3:27  Probe (Chrono Boost)  
  31  3:29  Probe (Chrono Boost)  
  32  3:35  Void Ray  
  32  3:40  Probe x2 (Chrono Boost)  
  38  3:49  Pylon  
  38  3:51  Probe x2 (Chrono Boost)  
  40  4:01  Probe x2 (Chrono Boost)  
  42  4:14  Void Ray  
  42  4:15  Void Ray  
  52  4:32  Probe x2 (Chrono Boost)  
  52  4:44  Probe (Chrono Boost)  
  54  4:46  Probe (Chrono Boost)  
  54  4:56  Nexus  
  54  4:57  Probe (Chrono Boost)  
  55  5:03  Void Ray  
  55  5:06  Pylon  
  56  5:08  Probe (Chrono Boost)  
  56  5:09  Probe (Chrono Boost)  
  61  5:25  Void Ray  
  61  5:27  Probe x2 (Chrono Boost)  
  67  5:39  Probe (Chrono Boost), Forge  
  67  5:40  Cybernetics Core  
  67  5:42  Probe (Chrono Boost)  
  69  5:44  Protoss Air Weapons Level 1  
  70  5:51  Probe (Chrono Boost)  
  70  6:01  Pylon  
  70  6:06  Pylon  
  70  6:08  Probe (Chrono Boost), Assimilator  
  70  6:09  Probe x2 (Chrono Boost)  
  70  6:10  Assimilator  
  73  6:19  Photon Cannon  
  73  6:21  Probe x2 (Chrono Boost), Stargate  
  75  6:26  Pylon  
  75  6:29  Void Ray x2  
  75  6:31  Pylon  
  83  6:55  Protoss Air Armor Level 1  
  83  6:57  Protoss Shields Level 1  
  83  6:59  Probe (Chrono Boost)  
  83  7:00  Probe (Chrono Boost)  
  85  7:06  Probe (Chrono Boost), Pylon  
  86  7:09  Pylon  
  86  7:12  Probe (Chrono Boost)  
  86  7:13  Fleet Beacon  
  86  7:14  Void Ray  
  86  7:15  Void Ray  
  88  7:16  Probe (Chrono Boost)  
  88  7:17  Probe (Chrono Boost)  
  98  7:24  Probe (Chrono Boost)  
  98  7:27  Probe (Chrono Boost)  
  98  7:28  Probe (Chrono Boost)  
  100  7:38  Stargate  
  100  7:39  Stargate  
  100  7:42  Void Ray  
  104  7:51  Void Ray  
  114  8:01  Probe x3 (Chrono Boost)  
  117  8:10  Pylon  
  120  8:13  Probe x3 (Chrono Boost)  
  120  8:16  Protoss Air Weapons Level 2, Pylon  
  120  8:19  Pylon  
  120  8:27  Void Ray  
  124  8:35  Tempest  
  124  8:39  Nexus  
  124  8:41  Pylon  
  128  8:50  Tempest  
  128  8:56  Tempest  
  136  9:06  Tempest  
  136  9:08  Protoss Air Armor Level 2  
  136  9:09  Twilight Council  
  140  9:35  Photon Cannon  
  140  9:37  Photon Cannon  
  140  9:39  Pylon  
  140  9:42  Tempest  
  140  9:43  Tempest  
  140  9:44  Tempest  
  140  9:48  Photon Cannon  
  140  9:51  Photon Cannon  
  155  10:01  Probe x3 (Chrono Boost)  
  155  10:03  Tempest  
  159  10:19  Tempest  
  163  10:25  Pylon  
  163  10:28  Pylon  
  163  10:30  Pylon  
  163  10:42  Tempest x2  
  163  10:43  Tempest  
  175  11:01  Void Ray  
  175  11:02  Void Ray  
  159  11:26  Photon Cannon  
  159  11:29  Photon Cannon  
  159  11:30  Photon Cannon  
  163  11:33  Photon Cannon  
  163  11:35  Photon Cannon  
  163  11:36  Photon Cannon  
  163  11:39  Assimilator  
  163  11:43  Assimilator  
Show
View Real Time Build Order
Export as new Build Order

KombatWombat Terran 

Build Orders:  

Get SALT Encoding   

  12  0:01  SCV  
  13  0:13  SCV  
  14  0:26  SCV  
  15  0:35  Supply Depot  
  15  0:39  Refinery  
  15  0:56  SCV  
  16  1:00  Barracks  
  16  1:08  SCV  
  17  1:21  SCV  
  18  1:33  SCV  
  18  1:34  Command Center  
  19  1:45  SCV  
  20  1:47  Reaper  
  20  1:49  Supply Depot  
  21  2:07  Factory  
  21  2:08  Orbital Command  
  21  2:35  Barracks Reactor  
  21  2:37  SCV  
  22  2:48  Orbital Command  
  22  2:49  SCV  
  23  2:56  Refinery  
  23  3:01  SCV  
  23  3:04  Starport  
  24  3:25  SCV  
  24  3:32  Supply Depot  
  24  3:35  Supply Depot  
  24  3:36  Barracks  
  24  3:37  Barracks  
  24  3:39  Barracks  
  24  3:45  Barracks Tech Lab  
  24  3:48  SCV  
  25  3:51  SCV  
  26  3:58  Refinery  
  26  4:00  Medivac, SCV  
  29  4:03  SCV  
  32  4:12  SCV  
  32  4:13  Stimpack  
  32  4:15  SCV  
  32  4:22  Factory Tech Lab  
  32  4:24  Barracks Reactor, SCV  
  32  4:27  Barracks Reactor, SCV  
  34  4:36  Refinery  
  34  4:37  SCV  
  35  4:39  SCV  
  35  4:40  Barracks Reactor  
  36  4:49  SCV  
  37  4:58  Supply Depot, Medivac  
  37  4:59  Supply Depot  
  39  5:02  Marine x3  
  39  5:04  Marine  
  39  5:05  Marine  
  44  5:09  Siege Tank  
  44  5:10  SCV  
  48  5:23  Marine x3  
  48  5:24  Marine x3  
  48  5:25  Marine  
  55  5:36  Command Center  
  55  5:40  Medivac x2  
  55  5:41  Marine x2  
  61  5:47  Marine x3  
  61  5:48  Marine x2  
  61  5:49  SCV  
  67  5:50  SCV  
  68  5:57  Siege Tank  
  68  6:01  SCV  
  72  6:04  Marine  
  72  6:05  Marine x4  
  77  6:15  Marine x2  
  75  6:22  Marine x2  
  75  6:23  Marine x3  
  78  6:39  Marine x2  
  70  6:40  Marine  
  61  6:54  Marine x4  
  61  6:57  Marine x2  
  61  6:58  Marine  
  68  7:12  Marine x4  
  72  7:16  Barracks  
  72  7:18  Barracks  
  72  7:22  Engineering Bay  
  72  7:28  Engineering Bay  
  72  7:34  Marine x2  
  74  7:41  Orbital Command  
  74  7:46  SCV  
  74  7:47  SCV  
  73  7:55  Marine  
  73  7:56  Marine x4  
  71  8:01  Marine, Refinery  
  72  8:09  Armory  
  72  8:23  Marine x4  
  72  8:24  Marine x3  
  79  8:38  Medivac x2  
  79  8:40  Marine  
  79  8:41  Marine x3  
  86  8:42  Barracks Reactor  
  86  8:43  Barracks Reactor  
  86  8:46  Marine x2  
  86  8:47  Marine  
  90  8:58  Marine x2  
  90  8:59  Marine  
  93  9:04  Terran Infantry Weapons Level 1  
  93  9:08  Supply Depot  
  93  9:22  Marine  
  93  9:24  Marine  
  93  9:25  Marine, SCV  
  93  9:27  SCV, Marine x3, Medivac  
  93  9:29  Marine, SCV  
  95  9:32  Marine x3  
  95  9:33  Marine  
  99  9:39  SCV  
  99  9:40  Marine  
  99  9:41  Refinery  
  101  10:01  Supply Depot  
  101  10:02  Supply Depot  
  101  10:05  Supply Depot x2  
  101  10:23  Marine x6, SCV x2  
  101  10:24  SCV, Marine x5, Medivac  
  101  10:26  Starport, Medivac  
  119  10:29  Starport, Supply Depot  
  119  10:35  SCV  
  120  10:40  Marine x4  
  124  10:50  Marine x4  
  124  10:51  Marine x3  
  124  10:54  Medivac  
  124  10:56  Medivac  
  135  10:58  Marine x4  
  138  11:04  Starport  
  84  11:32  Starport Reactor x2  
  73  11:35  Marine x3  
Show
View Real Time Build Order
Export as new Build Order

Tenonee Zerg 

Build Orders: Hatch First 

Get SALT Encoding   

  12  0:01  Drone  
  13  0:10  Drone  
  14  0:40  Hatchery, Drone  
  14  0:44  Extractor  
  13  0:57  Spawning Pool  
  12  1:18  Overlord  
  12  1:20  Drone  
  12  1:21  Drone  
  14  1:37  Drone  
  15  1:42  Drone  
  16  1:51  Metabolic Boost  
  16  2:01  Queen  
  19  2:08  Drone  
  19  2:20  Drone x3  
  22  2:32  Queen  
  24  2:40  Pneumatized Carapace  
  24  2:47  Zergling x2  
  24  2:48  Zergling x2  
  26  2:54  Overlord  
  27  3:20  Drone x6  
  27  3:21  Drone x2  
  34  3:30  Drone  
  34  3:51  Hatchery  
  34  3:52  Drone x3  
  34  3:54  Overlord x2  
  36  3:59  Lair  
  36  4:05  Roach Warren  
  36  4:07  Drone  
  36  4:12  Queen  
  38  4:20  Drone x3  
  38  4:21  Drone x2  
  43  4:32  Extractor  
  43  4:35  Overlord  
  42  4:40  Drone  
  42  4:41  Drone  
  42  4:43  Extractor  
  42  4:44  Extractor  
  41  5:01  Roach x3  
  47  5:12  Overlord  
  47  5:14  Drone  
  47  5:15  Drone x7  
  47  5:20  Glial Reconstitution  
  55  5:25  Evolution Chamber  
  55  5:27  Drone x4  
  58  5:29  Evolution Chamber  
  57  5:41  Drone  
  58  5:43  Overlord  
  58  5:53  Zerg Ground Armor Level 1  
  58  5:56  Zerg Missile Weapons Level 1  
  58  5:58  Drone  
  58  5:59  Drone x7  
  58  6:00  Overlord x3  
  66  6:08  Overseer  
  66  6:13  Roach x4  
  70  6:32  Drone x2  
  70  6:33  Drone x2  
  70  6:39  Drone x2  
  74  6:41  Spire  
  74  6:44  Drone  
  74  6:45  Drone x4, Overlord x2  
  78  7:13  Overlord x2  
  78  7:14  Extractor  
  77  7:15  Extractor  
  76  7:26  Overlord  
  76  7:27  Overlord x2  
  76  7:50  Hatchery  
  75  7:52  Overlord x2  
  75  7:53  Mutalisk, Overlord  
  75  7:54  Mutalisk x6  
  89  8:10  Drone  
  90  8:15  Queen  
  90  8:16  Mutalisk x2  
  90  8:17  Mutalisk  
  98  8:21  Zerg Flyer Weapons Level 1  
  98  8:27  Extractor  
  97  8:29  Drone, Extractor  
  97  8:33  Mutalisk  
  97  8:34  Mutalisk  
  101  8:43  Drone x3  
  101  8:44  Drone x3  
  105  8:51  Mutalisk x2  
  109  9:06  Mutalisk x2  
  113  9:21  Mutalisk x2  
  117  9:25  Zergling x2  
  117  9:26  Zergling x44  
  140  9:39  Queen  
  140  9:44  Mutalisk x4  
  140  9:45  Mutalisk  
  150  9:55  Zergling x10  
  150  9:56  Zergling x4  
  147  10:17  Infestation Pit  
  144  10:31  Mutalisk x3  
  143  10:44  Mutalisk x2  
  143  10:51  Mutalisk  
  143  10:52  Mutalisk  
  79  11:15  Mutalisk  
  79  11:16  Mutalisk x2  
Tags
 
Add a new tag
Caveats
  • Supply blocks, unpowered buildings, or Contaminate may cause inaccurate times.
  • Supply counts are checked every 10 seconds.